 Dungeon Crawl Stone Soup version 0.20.0-15-g7f486f2 (webtiles) character file.

88 Gorglomux the Vexing (level 4, -6/34 HPs)
             Began as a Mummy Enchanter on June 11, 2017.
             Was a Follower of Qazlal.
             Mangled by Grinder (9 damage)
             ... while paralysed by Grinder
             ... on level 2 of the Dungeon.
             The game lasted 00:03:42 (4087 turns).

Gorglomux the Vexing (Mummy Enchanter)              Turns: 4087, Time: 00:03:42

Health: -6/34      AC:  2    Str: 12    XL:     4   Next: 29%
Magic:  8/8        EV:  2    Int: 14    God:    Qazlal [*.....]
Gold:   153        SH:  0    Dex: 12    Spells: 5/8 levels left

rFire    x . .     SeeInvis .   a - +1 dagger
rCold    + . .     Gourm    .   (no shield)
rNeg     + + +     Faith    .   b - +0 robe
rPois    ∞         Spirit   .   (no helmet)
rElec    .         Reflect  .   (no cloak)
rCorr    .         Harm     .   (no gloves)
MR       .....                  (no boots)
Stlth    ++........             (no amulet)
Regen    0.2/turn               (no ring)
MPRegen  0.2/turn               (no ring)

@: paralysed
A: no food or potions, fire vulnerability, cold resistance 1, negative energy
resistance 3, torment resistance, unbreathing
a: Renounce Religion


You were on level 2 of the Dungeon.
You worshipped Qazlal.
Qazlal was aware of your devotion.
You were not hungry.

You visited 1 branch of the dungeon, and saw 3 of its levels.

You collected 153 gold pieces.

Inventory:

Hand Weapons
 a - a +1 dagger (weapon)
 S - a +0 hunting sling
Missiles
 V - 21 stones (quivered)
Armour
 b - a +0 robe (worn)
Wands
 L - a wand of lightning (1/15)
 X - a wand of random effects (0/48)
Scrolls
 e - a scroll of fear
 R - a scroll of identify
 T - a scroll of random uselessness {unknown}
 U - a scroll of enchant weapon {unknown}
 W - a scroll of recharging
Books
 c - a book of Maledictions

   Spells                             Type                      Level
   a - Corona                         Hexes                        1
   b - Ensorcelled Hibernation        Hexes/Ice                    2
   c - Confuse                        Hexes                        3
   d - Tukima's Dance                 Hexes                        3
   e - Dazzling Spray                 Conjuration/Hexes            3


   Skills:
 + Level 2.6 Fighting
 + Level 2.4 Short Blades
 - Level 1.5 Dodging
 - Level 2.4 Stealth
 - Level 2.6 Spellcasting
 - Level 2.6 Hexes


You had 5 spell levels left.
You knew the following spells:

 Your Spells              Type           Power        Failure   Level  Hunger
a - Corona                Hex            #......      8%          1    N/A
z - Ensorcelled Hibernat  Hex/Ice        #.....       19%         2    N/A

Dungeon Overview and Level Annotations

Branches:
Dungeon (3/15)

Altars:
Qazlal

Annotations:
D:2 Grinder


Innate Abilities, Weirdness & Mutations

You do not eat or drink.
Your flesh is vulnerable to fire.
You are immune to poison.
Your flesh is cold resistant. (rC+)
You are immune to negative energy. (rN+++)
You are immune to unholy pain and torment.
You can survive without breathing.


Message History

You suddenly lose the ability to move!
Something hits you.
You can move again.
You see here a pair of gloves.
Found a dagger.
Found an escape hatch in the ceiling.
There is a stone staircase leading up here.
Something hits you but does no damage.
You climb upwards.
There is a stone staircase leading down here.
You start resting.
Something hits you.
You miss something. Something hits you.
You hit something. Something hits you!
* * * LOW HITPOINT WARNING * * *
You hit something but do no damage. You hit something. Something hits you.
* * * LOW HITPOINT WARNING * * *
You hit something but do no damage.
You suddenly lose the ability to move!
Something hits you!
You die...

### ..# ..# ..# ######
..########### ####..#.#######
............# #...##.#......#
............## ##..#..###.....#
..........#..#####..#.####.###..#
≈≈........##....@#..#....####...#
..≈.......###.##{....##.##.#.#..#
..≈..≈≈...≈##.##.#..##.###.##...#
.≈..≈..≈..≈≈#.##'#...#.##.####..#
.≈.⌠≈..≈..≈≈#.#...†..#.#.#._##..#
≈..≈⌠.≈...≈≈#.#.....###.######..#
≈..≈..≈..≈≈≈#.#....#.#####.###..#
.≈≈..≈..≈≈≈##.#.....#.#####.##..#
.....≈..≈.##..#.....##..##.###..#


There were no monsters in sight!

Vanquished Creatures
  4 adders (D:2)
  An ooze (D:2)
  A worm (D:2)
  A leopard gecko (D:1)
  6 bats
  2 giant cockroaches
  5 goblins
  6 hobgoblins
  4 jackals
  6 kobolds
  A quokka (D:2)
  3 frilled lizards
  3 rats
43 creatures vanquished.

Notes
Turn   | Place    | Note
-------+----------+-------------------------------------------
     0 | D:1      | Gorglomux the Mummy Enchanter began the quest for the Orb.
     0 | D:1      | Reached XP level 1. HP: 13/13 MP: 4/4
   133 | D:1      | Reached skill level 1 in Short Blades
   405 | D:1      | Reached skill level 1 in Fighting
   485 | D:1      | Reached XP level 2. HP: 21/21 MP: 3/5
   899 | D:1      | Learned a level 2 spell: Ensorcelled Hibernation
  2030 | D:2      | Reached XP level 3. HP: 15/27 MP: 1/7
  2334 | D:2      | Found a faded altar of an unknown god.
  2440 | D:2      | Became a worshipper of Qazlal Stormbringer
  2440 | D:2      | Reached * piety under Qazlal
  3024 | D:2      | Reached XP level 4. HP: 8/34 MP: 5/8
  4048 | D:3      | Noticed Grinder
  4070 | D:3      | Paralysed by something for 4 turns
  4086 | D:2      | Paralysed by something for 7 turns
  4087 | D:2      | Mangled by Grinder

Skill      XL: |  1  2  3 |
---------------+----------+-----
Short Blades   | 1 2 |  2.4
Fighting       | 1 2 |  2.6
Dodging        | |  1.5
Stealth        | |  2.4
Spellcasting   | |  2.6
Hexes          | |  2.6

Action                   |  1- 3 |  4- 6 || total
-------------------------+-------+-------++-------
Melee: Dagger            |   159 |    34 ||   193
 Fire: Hunting sling     |       |    23 ||    23
 Cast: Corona            |    13 |     4 ||    17
       Ensorcelled Hiber |    16 |     2 ||    18
Evoke: Wand              |       |     4 ||     4
  Use: Scroll            |     3 |       ||     3
 Stab: Sleeping          |     6 |     1 ||     7
Armor: Robe              |    26 |     4 ||    30
Dodge: Dodged            |   118 |    23 ||   141
Block: Other             |     1 |       ||     1
